 Dungeon Crawl Stone Soup version 0.30-a0-347-gf58ed5266c (webtiles) character file.

Game seed: 4993321081438710289

86 purpskrrrp the Trooper (level 4, -4/35 HPs)
             Began as a Demonspawn Fighter on Nov 5, 2022.
             Slain by Crazy Yiuf
             ... wielding a +2 quarterstaff of chaos
              (8 damage)
             ... on level 2 of the Dungeon.
             The game lasted 00:02:55 (1564 turns).

purpskrrrp the Trooper (Demonspawn Fighter)         Turns: 1564, Time: 00:02:56

Health: -4/35      AC:  9    Str: 24    XL:     4   Next: 27%
Magic:  4/4        EV:  7    Int:  9    God:
Gold:   167        SH:  4    Dex: 13    Spells: 3/3 levels left

rFire   . . .      SeeInvis .    a - +0 war axe
rCold   . . .      Faith    .    c - +0 buckler
rNeg    . . .      Spirit   .    e - +0 chain mail
rPois   .          Reflect  .    (helmet restricted)
rElec   .          Harm     .    (no cloak)
rCorr   .          Rampage  .    (no gloves)
Will    .....                    (no boots)
Stlth   ..........               (no amulet)
HPRegen 0.25/turn                o - +6 ring of strength
MPRegen 0.09/turn                l - ring of flight

@: lethally poisoned (-4 -> -11), flying
A: antennae 1, claws 1
a: no special abilities


You were on level 2 of the Dungeon.
You visited 1 branch of the dungeon, and saw 2 of its levels.

You collected 167 gold pieces.

Inventory:

Hand Weapons
 a - a +0 war axe (weapon)
Armour
 b - a +0 scale mail
 c - a +0 buckler (worn)
 e - a +0 chain mail (worn)
Jewellery
 k - a ring of positive energy
 l - a ring of flight (right claw)
 o - a +6 ring of strength (left claw)
Scrolls
 f - a scroll of noise {unknown}
 i - 2 scrolls of torment
 m - a scroll of teleportation
Potions
 d - a potion of might
 g - a potion of haste
 h - a potion of curing
 j - a potion of brilliance {unknown}
 n - a potion of magic {unknown}
 p - a potion of lignification {unknown}


   Skills:
 + Level 3.5 Fighting
 * Level 3.0 Axes
 + Level 3.1 Armour
 + Level 3.1 Shields


You had 3 spell levels left.
You didn't know any spells.
Your spell library contained the following spells:

 Spells                   Type           Power      Damage    Failure   Level
 Foxfire                  Conj/Fire      0%         2x1d4     99%         1
 Fireball                 Conj/Fire      0%         3d3       100%        5
 Starburst                Conj/Fire      0%         6d3       100%        6


Dungeon Overview and Level Annotations

Branches:
Dungeon (2/15)

Altars:

Annotations:
D:2 Crazy Yiuf


Innate Abilities, Weirdness & Mutations

You have a pair of small antennae on your head.
You have sharp fingernails.


Message History

No target in view!
No target in view!
No target in view!
No target in view!
No target in view!
No target in view!
No target in view!
No target in view!
No target in view!
No target in view!
No target in view!
You see here a jackal corpse.
You see here a +0 dagger.
You see here a jackal corpse.
You see here a jackal corpse.
You see here a +0 sling.
You see here a +0 leather armour.
Key pressed, stopping explore.
Crazy Yiuf shouts!
Could not explore, unopened runed door.
Could not explore, unopened runed door.
Could not explore, unopened runed door.
Could not explore, unopened runed door.
No reachable target in view!
You reach down and open the door.
You barely miss Crazy Yiuf.
Crazy Yiuf hits you with a +2 quarterstaff of chaos!
You hit Crazy Yiuf.
Crazy Yiuf is moderately wounded.
Crazy Yiuf hits you with a +2 quarterstaff of chaos!
You are poisoned.
Crazy Yiuf hits you with a +2 quarterstaff of chaos.
Crazy Yiuf burns you.
* * * LOW HITPOINT WARNING * * *
You hit Crazy Yiuf.
Crazy Yiuf is heavily wounded.
* * * LOW HITPOINT WARNING * * *
You feel very sick.
Crazy Yiuf hits you with a +2 quarterstaff of chaos!
You die...

#....>.....###....#
#.# #.####.....#
#....# #.#
#.####.#...# ♣.♣..♣
####.# .....#.#####
♣...♣♣ #....#
#.##.#.# ♣♣.♣♣
###### #.##.#.##
♣.♣♣ #.......# ♣♣.♣
#.##.##.# ♣.♣♣
#.##.##.# ♣♣@♣
#.##..#.## #g#
#.#......# ...
#........# #...#
##....##.# #..)#
#..####.# #####
#..####.# #.......#
##.#######


You could see Crazy Yiuf.

Vanquished Creatures
  2 adders (D:2)
  2 worms (D:2)
  3 dart slugs
  3 endoplasms
  3 giant cockroaches (D:1)
  A goblin (D:1)
  7 hobgoblins
  6 jackals
  2 kobolds (D:2)
  4 quokkas (D:2)
  4 ball pythons
  9 bats
  3 frilled lizards (D:1)
  A rat (D:2)
50 creatures vanquished.

Notes
Turn   | Place    | Note
-------+----------+-------------------------------------------
     0 | D:1      | purpskrrrp the Demonspawn Fighter began the quest for the
                  | Orb.
     0 | D:1      | Reached XP level 1. HP: 18/18 MP: 1/1
    45 | D:1      | Discovered your monstrous ancestry.
    45 | D:1      | Gained mutation: You have a pair of small antennae on your
                  | head. [demonic ancestry]
    45 | D:1      | Reached XP level 2. HP: 19/24 MP: 2/2
   552 | D:2      | Reached XP level 3. HP: 14/29 MP: 3/3
   696 | D:2      | Found a runed translucent door.
   697 | D:2      | Noticed Crazy Yiuf
   955 | D:2      | Identified the +4 dagger of Righteous Anger {holy, rF++
                  | Will+}
  1122 | D:2      | HP: 1/29 [frozen (4)]
  1123 | D:2      | Gained mutation: You have sharp fingernails. [demonic
                  | ancestry]
  1123 | D:2      | Reached XP level 4. HP: 1/35 MP: 4/4
  1564 | D:2      | Slain by Crazy Yiuf

Illustrated notes

Levels and vault maps discovered:
D:1:      enne_arrival_octagon_isle, layout_rooms, chequers_arboretum
D:2:      layout_loops_cross, uniq_crazy_yiuf_cottage

Skill      XL: |  1  2  3  4 |
---------------+-------------+-----
Axes           | 2 3 |  3.0
Armour         | 3 |  3.1
Shields        | 3 |  3.1
Fighting       | |  3.5

Action                   |  1- 3 |  4- 6 || total
-------------------------+-------+-------++-------
Melee: War axe           |   121 |    36 ||   157
  Use: Scroll            |     4 |       ||     4
       Potion            |       |     1 ||     1
Armor: Scale mail        |    41 |       ||    41
       Chain mail        |    47 |    40 ||    87
Dodge: Dodged            |    62 |    20 ||    82
Block: Buckler           |    38 |    15 ||    53

Table legend: (Time is in decaauts)
 A = Elapsed time spent in this place.
 B = Non-inter-level travel time spent in this place.
 C = Inter-level travel time spent in this place.
 D = Time resting spent in this place.
 E = Time spent auto-exploring this place.
 F = Levels seen in this place.
 G = Mean time per level.
                   A        B        C        D        E       F      G
               +--------+--------+--------+--------+--------+-----+--------+
         Total |   1626 |   1610 |     16 |    111 |   1116 |   2 |  813.0 |
       Dungeon |   1626 |   1610 |     16 |    111 |   1116 |   2 |  813.0 |
               +--------+--------+--------+--------+--------+-----+--------+

Top non-repeatable levels by time:
     D:2: 1059 daAuts
     D:1: 567 daAuts
